 Dungeon Crawl Stone Soup version 0.29-a0-284-gf9362112df (webtiles) character file.

Game seed: 12785055985057861923

7530 olourkin the Destroyer (level 10, -10/75 HPs)
             Began as a Demonspawn Hedge Wizard on Mar 31, 2022.
             Was a Priest of Hepliaklqana.
             Shot with an arrow by a centaur warrior (26 damage)
             ... on level 9 of the Dungeon.
             The game lasted 01:06:52 (13371 turns).

olourkin the Destroyer (Demonspawn Hedge Wizard)   Turns: 13371, Time: 01:06:52

Health: -10/75     AC:  7    Str: 10    XL:     10   Next: 96%
Magic:  23/25      EV: 12    Int: 21    God:    Hepliaklqana [***...]
Gold:   573        SH:  0    Dex: 12    Spells: 8/17 levels left

rFire   . . .      SeeInvis .   b - staff of conjuration
rCold   . . .      Faith    .   (no shield)
rNeg    . . .      Spirit   .   F - +2 robe {Will+}
rPois   .          Reflect  .   J - +0 helmet
rElec   .          Harm     .   t - scarf {repulsion}
rCorr   .          Rampage  .   (no gloves)
Will    +....                   (no boots)
Stlth   ++........              (no amulet)
HPRegen 0.22/turn               y - ring of magical power
MPRegen 0.19/turn               (no ring)

@: repel missiles
A: reduced essence, rugged brown scales 2, foul stench 2
a: Renounce Religion, Recall Ancestor, Ancestor Identity, Transference


You were on level 9 of the Dungeon.
You worshipped Hepliaklqana.
Hepliaklqana was most pleased with you.
You visited 2 branches of the dungeon, and saw 10 of its levels.
You also visited: Sewer and Ossuary.

You collected 603 gold pieces.
You spent 30 gold pieces at shops.

Inventory:

Hand Weapons
 a - a +2 spear of venom
 L - the +7 lajatang "Deirees" {drain, rF+ rCorr}
   (You found it on level 8 of the Dungeon)

   A truly terrible weapon, it drains the life of any living foe it strikes.
   rF:        It protects you from fire.
   rCorr:     It protects you from acid and corrosion.
Missiles
 d - 15 poisoned darts
 f - 245 stones
 p - 2 curare-tipped darts
Armour
 c - a +0 hat
 g - +0 acid dragon scales
 o - a +0 cloak
 t - a scarf of repulsion (worn)
 F - a +2 robe of willpower (worn)
 J - a +0 helmet (worn)
Magical Staves
 b - a staff of conjuration (weapon)
Jewellery
 j - an amulet of faith {!P}
 y - a ring of magical power (left hand)
Wands
 k - a wand of iceblast (12)
 x - a wand of flame (46)
 K - a wand of acid (9)
Scrolls
 e - 3 scrolls of teleportation
 h - a scroll of summoning {unknown}
 l - a scroll of brand weapon
 m - 2 scrolls of magic mapping
 n - 4 scrolls of enchant armour
 u - a scroll of fog {unknown}
 B - a scroll of identify
 C - a scroll of holy word {unknown}
 G - a scroll of silence {unknown}
 H - a scroll of torment {unknown}
Potions
 r - a potion of brilliance
 s - a potion of cancellation
 v - a potion of heal wounds
 w - a potion of magic
 z - a potion of resistance
 A - 3 potions of haste
 D - a potion of flight
 E - a potion of attraction {!q}
 I - 5 potions of curing


   Skills:
 + Level 7.5 Fighting
 + Level 7.7 Polearms
 - Level 1.7 Dodging
 - Level 1.7 Stealth
 - Level 4.0 Spellcasting
 + Level 9.3 Conjurations
 + Level 4.3 Hexes
 - Level 1.0 Summonings
 - Level 6.0 Translocations


You had 8 spell levels left.
You knew the following spells:

 Your Spells              Type           Power      Damage    Failure   Level
a - Magic Dart            Conj           100%       1d8       1%          1
b - Blink                 Tloc           58%        N/A       1%          2
u - Conjure Flame         Conj/Fire      35%        6-21      5%          3
x - Slow                  Hex            88%        N/A       1%          1
y - Call Imp              Summ           8%         N/A       12%         2

Your spell library contained the following spells:

 Spells                   Type           Power      Damage    Failure   Level
 Apportation              Tloc           58%        N/A       1%          1
 Mephitic Cloud           Conj/Pois/Air  25%        N/A       10%         3
 Summon Lightning Spire   Summ/Air       6%         N/A       67%         4
 Alistair's Intoxication  Tmut/Pois      2%         N/A       97%         5
 Storm Form               Tmut/Air       2%         N/A       100%        7
 Maxwell's Capacitive Co  Air            2%         ∞         100%        8


Dungeon Overview and Level Annotations

Branches:
Dungeon (9/15)             Temple (1/1) D:5           Sewer (visited)
Ossuary (visited)
   Lair: D:8-11         Orc: D:9-12

Altars:
Ashenzari
Cheibriados
Dithmenos
Elyvilon
Gozag
Hepliaklqana
Kikubaaqudgha
Nemelex Xobeh
Okawaru
Sif Muna
Trog
Wu Jian
Xom
The Shining One

Shops:
D:6 *   D:9 ?

Annotations:
D:4 1 runed translucent door, Crazy Yiuf


Innate Abilities, Weirdness & Mutations

Your life essence is reduced to manifest your ancestor. (-10% HP)
You are mostly covered in rugged brown scales. (AC +2, +5% HP)
You sometimes emit foul miasma when damaged in melee.


Message History

You start resting.
A centaur warrior comes into view.
Your +2 spear of venom stops dripping with poison.
b - a staff of conjuration (weapon)
You swap places.
An arrow appears from out of your range of vision.
Mac blocks the arrow.
An arrow appears from out of your range of vision.
The arrow closely misses Mac.
Aiming: Magic Dart (safe; 1% risk of failure)
Press: ? - help, Q - select action, (/) - cycle Shift-Dir - straight line, f - centaur warrior
Aim: a centaur warrior, wielding a +0 shortbow (ally target, 100% to hit)
You feel a surge of power!
The magic dart hits the centaur warrior.
The centaur warrior is lightly wounded.
The centaur warrior shoots an arrow.
The arrow barely misses you.
The centaur warrior shoots an arrow.
The arrow hits you!
* * * LOW HITPOINT WARNING * * *
You hear a bellow!
Unknown command.
Aiming: Magic Dart (safe; 1% risk of failure)
Press: ? - help, Q - select action, (/) - cycle Shift-Dir - straight line, f/p - centaur warrior
Aim: a centaur warrior, wielding a +0 shortbow (lightly wounded, ally target, 100% to hit)
You feel a surge of power!
The magic dart hits the centaur warrior but does no damage.
The centaur warrior is lightly wounded.
The centaur warrior shoots an arrow.
The arrow barely misses you.
The centaur warrior shoots an arrow.
The arrow hits Mac!
The centaur warrior shoots an arrow.
The arrow hits Mac!!
Mac is destroyed!
Aiming: Magic Dart (safe; 1% risk of failure)
Press: ? - help, Q - select action, (/) - cycle Shift-Dir - straight line, f/p - centaur warrior
Aim: a centaur warrior, wielding a +0 shortbow (100% to hit)
You feel a surge of power!
The magic dart hits the centaur warrior!
The centaur warrior is lightly wounded.
The centaur warrior shoots an arrow.
The arrow hits you!
* * * LOW HITPOINT WARNING * * *
The centaur warrior shoots an arrow.
The arrow hits you!!
You die...

............†..#
...............# .
...##......)..#######
..
..................††.
..#####....############
.......#.........#
##.......###....
#.........# ..
#$.#@..#.$# ## #...####
#...# #.........#
##.......##
....###..... .....
..... $.#.c#. .#..# ...
# #..## ..# #...


You could see a centaur warrior.

Vanquished Creatures
  8 yaks
  2 steam dragons
  Eustachio (D:4)
  2 acid dragons
  2 water moccasins
  Duvessa (D:7)
  An ice beast (D:6)
  A sky beast (D:7)
  2 black bears (D:6)
  2 phantoms (D:5)
  Blork the orc (D:4)
  A bullfrog (D:9)
  2 kobold brigands
  An elf zombie (Ossuary)
  A necrophage (D:4)
  3 scorpions
  A wight (D:9)
  Dowan (D:7)
  A howler monkey (D:6)
  6 jellies
  2 orc priests
  3 hounds
  2 orc wizards
  A hound zombie (Ossuary)
  4 gnolls (D:2)
  2 river rats (Sewer)
  10 adders
  A shadow imp (D:5)
  2 ufetubi (D:5)
  3 adder zombies (Ossuary)
  4 worms
  3 dart slugs
  16 orcs
  6 bats
  15 endoplasms
  7 giant cockroaches
  9 hobgoblins
  12 jackals
  16 kobolds
  2 quokkas
  4 ball pythons
  11 frilled lizards
  7 goblins
  A goblin zombie (Ossuary)
  A hobgoblin zombie (Ossuary)
  A jackal zombie (Ossuary)
  An orc zombie (Ossuary)
  10 rats
196 creatures vanquished.

Vanquished Creatures (collateral kills)
  2 two-headed ogres
  An oklob plant (D:8)
  A kobold demonologist (D:9)
  5 yaks (D:9)
  An ogre (D:6)
  A centaur (D:8)
  A kobold brigand (D:6)
  2 bullfrogs
  A scorpion (D:6)
  3 wights (D:9)
  A killer bee (D:9)
  A howler monkey (D:9)
  An orc priest (D:6)
  A hound (D:7)
  5 jellies
  An orc wizard (D:8)
  A hound zombie (Ossuary)
  4 mummies (Ossuary)
  2 adders (Sewer)
  A white imp (D:7)
  An adder zombie (Ossuary)
  3 orcs
  4 endoplasms (D:8)
  A giant cockroach (D:6)
  A jackal (Sewer)
  A frilled lizard (Sewer)
  A goblin zombie (Ossuary)
  2 kobolds
  2 rats
52 creatures vanquished.

Vanquished Creatures (others)
  7 knights
  3 ancestors
  A frilled lizard (Sewer)
  5 fungi (D:8)
  8 plants (Sewer)
24 creatures vanquished.

Grand Total: 272 creatures vanquished

Notes
Turn   | Place    | Note
-------+----------+-------------------------------------------
     0 | D:1      | olourkin the Demonspawn Hedge Wizard began the quest for
                  | the Orb.
     0 | D:1      | Reached XP level 1. HP: 13/13 MP: 4/4
   298 | D:1      | Reached skill level 2 in Conjurations
   303 | D:1      | Gained mutation: You may rarely emit foul miasma when
                  | damaged in melee. [demonic ancestry]
   303 | D:1      | Reached XP level 2. HP: 6/19 MP: 0/6
   538 | D:1      | Learned a level 1 spell: Slow
   641 | D:1      | Found a faded altar of an unknown god.
  1308 | D:1      | Reached skill level 3 in Conjurations
  1395 | D:1      | Reached XP level 3. HP: 24/24 MP: 1/7
  1903 | D:2      | Found a snail-covered altar of Cheibriados.
  2578 | D:2      | Reached skill level 1 in Hexes
  2680 | D:2      | Gained mutation: You are partially covered in rugged brown
                  | scales. (AC +1, +3% HP) [demonic ancestry]
  2680 | D:2      | Reached XP level 4. HP: 24/30 MP: 5/8
  3038 | D:2      | Reached skill level 1 in Polearms
  3061 | D:2      | Reached skill level 4 in Conjurations
  3160 | D:2      | Reached XP level 5. HP: 36/36 MP: 4/9
  3548 | D:3      | Learned a level 2 spell: Call Imp
  3551 | D:3      | Learned a level 2 spell: Blink
  4841 | D:4      | Found a shimmering blue altar of Sif Muna.
  4842 | D:4      | Noticed Eustachio
  4900 | D:4      | Killed Eustachio
  4901 | D:4      | Reached XP level 6. HP: 9/42 MP: 0/11
  5149 | D:4      | Noticed Blork the orc
  5304 | D:4      | Killed Blork the orc
  5305 | D:4      | Reached skill level 5 in Conjurations
  5501 | D:4      | Gained mutation: You are mostly covered in rugged brown
                  | scales. (AC +2, +5% HP) [demonic ancestry]
  5501 | D:4      | Reached XP level 7. HP: 42/48 MP: 5/13
  5661 | D:4      | Found a runed translucent door.
  5662 | D:4      | Noticed Crazy Yiuf
  5990 | D:5      | Entered Level 5 of the Dungeon
  6026 | D:5      | Found a staircase to the Ecumenical Temple.
  6064 | Temple   | Entered the Ecumenical Temple
  6143 | Temple   | Became a worshipper of Hepliaklqana the Forgotten
  6439 | D:5      | Reached skill level 1 in Translocations
  6474 | D:5      | Reached skill level 1 in Fighting
  6947 | D:5      | Reached * piety under Hepliaklqana
  7375 | D:6      | Reached XP level 8. HP: 49/54 MP: 14/14
  7388 | D:6      | Found a glowing drain.
  7395 | Sewer    | Entered a sewer
  7429 | Sewer    | Reached skill level 6 in Conjurations
  8343 | D:6      | Found a shadowy altar of Dithmenos.
  8622 | D:6      | Found an opulent altar of Gozag.
  8646 | D:6      | Found Ituguk's Assorted Antiques.
  8943 | D:6      | Found an iron altar of Okawaru.
  8955 | D:6      | Found a snail-covered altar of Cheibriados.
  9022 | D:7      | Noticed Dowan
  9024 | D:7      | Noticed Duvessa
  9038 | D:7      | Killed Duvessa
  9039 | D:7      | Reached skill level 5 in Polearms
  9041 | D:7      | Killed Dowan
  9395 | D:7      | Reached XP level 9. HP: 62/62 MP: 15/15
  9406 | D:7      | Learned a level 3 spell: Conjure Flame
  9517 | D:7      | Reached skill level 7 in Conjurations
  9549 | D:7      | Found a broken altar of Ashenzari.
  9549 | D:7      | Reached ** piety under Hepliaklqana
 10090 | D:8      | Noticed an oklob plant
 10103 | D:8      | Remembered your ancestor Mac as a knight
 10424 | D:8      | Reached skill level 5 in Fighting
 10485 | D:8      | Found a sand-covered staircase.
 10492 | Ossuary  | Entered an ossuary
 10955 | D:8      | Reached skill level 5 in Translocations
 10977 | D:8      | Reached skill level 8 in Conjurations
 11418 | D:8      | Noticed a two-headed ogre
 11432 | D:8      | Killed a two-headed ogre
 11433 | D:8      | Gained mutation: You sometimes emit foul miasma when
                  | damaged in melee. [demonic ancestry]
 11433 | D:8      | Reached XP level 10. HP: 72/72 MP: 16/16
 11531 | D:8      | Identified the +7 lajatang "Deirees" {drain, rF+ rCorr}
 12495 | D:8      | Killed an oklob plant
 12955 | D:9      | Noticed a cyclops
 13104 | D:9      | Found Digoset's Magic Scroll Shoppe.
 13107 | D:9      | Reached *** piety under Hepliaklqana
 13112 | D:9      | Bought a scroll of teleportation for 30 gold pieces
 13176 | D:9      | Reached skill level 9 in Conjurations
 13230 | D:9      | Noticed a two-headed ogre
 13241 | D:9      | Killed a two-headed ogre
 13363 | D:9      | Noticed a centaur warrior
 13371 | D:9      | Shot with an arrow by a centaur warrior

Illustrated notes

Levels and vault maps discovered:
D:1:      minmay_arrival_four_circles, layout_basic,
          dilly_ecumenical_altar_fadedgnrine
D:2:      layout_loops_ring, basic_altar, minmay_randomly_rotated_circles
D:3:      layout_loops_cross
D:4:      layout_cave_pools, mainiacjoe_overflow_small_starburst,
          grunt_decor_cap, kennysheep_donut, minmay_cut_off, uniq_blork_the_orc,
          uniq_crazy_yiuf_cottage, uniq_eustachio
D:5:      layout_cave_pools, lemuel_tele_altar,
          minmay_temple_entry_statues_fountains, minmay_between
D:6:      layout_rooms, mainiacjoe_overflow_concentric_impassable,
          overflow_temple_1_default, amethyst_overflow_temple_binary,
          portal_sewer_entry_b, minmay_shop_grid_forest
D:7:      layout_loops_ring, mainiacjoe_overflow_brackets, uniq_duvessa
D:8:      lemuel_slime, layout_basic, chequers_ossuary_entry_cave
D:9:      hangedman_cross_cluster, layout_basic, serial_shops,
          nicolae_diamond_shop, uniq_grum, uniq_harold
Temple:   minmay_temple_forest_path

Skill      XL: |  1  2  3  4  5  6  7  8  9 10 |
---------------+-------------------------------+-----
Conjurations   | 2 3 4 5 6 8 9 |  9.3
Hexes          | 1 2 4 |  4.3
Polearms       | 1 2 3 4 5 6 7 |  7.7
Spellcasting   | 4 |  4.0
Translocations | 2 4 5 6 |  6.0
Fighting       | 2 4 6 7 |  7.5
Dodging        | |  1.7
Stealth        | |  1.7
Summonings     | |  1.0

Action                   |  1- 3 |  4- 6 |  7- 9 | 10-12 || total
-------------------------+-------+-------+-------+-------++-------
Melee: Dagger            |    36 |       |       |       ||    36
       Short sword       |    32 |       |       |       ||    32
       Spear             |     2 |    67 |   167 |    60 ||   296
       Punch             |       |     2 |     1 |       ||     3
       Staff             |       |     1 |       |     4 ||     5
       Lajatang          |       |       |       |     3 ||     3
Throw: Dart              |       |       |     1 |       ||     1
 Cast: Magic Dart        |   101 |   105 |   229 |    65 ||   500
       Blink             |       |     1 |     5 |       ||     6
       Call Imp          |       |     1 |       |       ||     1
       Slow              |       |       |     6 |     1 ||     7
       Conjure Flame     |       |       |     1 |       ||     1
Invok: Ancestor Identity |       |       |     1 |       ||     1
       Ancestor Life: Kn |       |       |     1 |       ||     1
Evoke: Wand              |       |       |     6 |       ||     6
  Use: Potion            |     1 |       |     6 |       ||     7
       Scroll            |       |     6 |     2 |     6 ||    14
 Stab: Sleeping          |     1 |     2 |     2 |       ||     5
       Distracted        |       |       |     5 |     2 ||     7
Armor: Leather armour    |    34 |    15 |    25 |       ||    74
       Robe              |       |       |    30 |     7 ||    37
Dodge: Dodged            |    54 |    38 |   104 |    16 ||   212
       Repelled          |       |       |     2 |     4 ||     6

Table legend: (Time is in decaauts)
 A = Elapsed time spent in this place.
 B = Non-inter-level travel time spent in this place.
 C = Inter-level travel time spent in this place.
 D = Time resting spent in this place.
 E = Time spent auto-exploring this place.
 F = Levels seen in this place.
 G = Mean time per level.
                   A        B        C        D        E       F      G
               +--------+--------+--------+--------+--------+-----+--------+
         Total |  13424 |  13132 |    292 |   5262 |   5430 |  12 | 1118.7 |
       Dungeon |  12115 |  11845 |    270 |   5023 |   4694 |   9 | 1346.1 |
        Temple |    102 |     80 |     22 |      0 |     63 |   1 |  102.0 |
         Sewer |    880 |    880 |      0 |    162 |    550 |   1 |  880.0 |
       Ossuary |    325 |    325 |      0 |     77 |    123 |   1 |  325.0 |
               +--------+--------+--------+--------+--------+-----+--------+

Top non-repeatable levels by time:
     D:8: 2174 daAuts
     D:1: 1794 daAuts
     D:2: 1752 daAuts
     D:4: 1748 daAuts
     D:6: 1081 daAuts
     D:7: 998 daAuts
     D:3: 982 daAuts
   Sewer: 880 daAuts
     D:9: 808 daAuts
     D:5: 774 daAuts
 Ossuary: 325 daAuts
  Temple: 102 daAuts
